 Dungeon Crawl Stone Soup version 0.28-a0-1080-g05a166d0ed (webtiles) character file.

Game seed: 2156121234964628483

117 ragingrage the Cudgeller (level 5, -2/30 HPs)
             Began as a Gargoyle Warper on Dec 10, 2021.
             Was an Initiate of Okawaru.
             Slain by a phantom (3 damage)
             ... on level 5 of the Dungeon.
             The game lasted 00:02:36 (3815 turns).

ragingrage the Cudgeller (Gargoyle Warper)          Turns: 3815, Time: 00:02:37

Health: -2/30      AC:  8    Str: 15    XL:     5   Next: 1%
Magic:  8/8        EV: 11    Int: 13    God:    Okawaru [......]
Gold:   207        SH:  0    Dex: 11    Spells: 8/8 levels left

rFire   . . .      SeeInvis .   a - +0 mace
rCold   . . .      Faith    .   (no shield)
rNeg    + . .      Spirit   .   b - +0 leather armour
rPois   ∞          Reflect  .   (no helmet)
rElec   +          Harm     .   k - scarf {shadows}
rCorr   .          Rampage  .   (no gloves)
Will    .....                   f - +0 pair of boots
Stlth   +.........              (no amulet)
HPRegen 0.10/turn               (no ring)
MPRegen 0.11/turn               (no ring)

@: no status effects
A: sickness immunity, AC +4, negative energy resistance 1, electricity
resistance, torment resistance 1, petrification resistance
a: Renounce Religion


You were on level 5 of the Dungeon.
You worshipped Okawaru.
Okawaru was noncommittal.
You visited 1 branch of the dungeon, and saw 5 of its levels.

You collected 207 gold pieces.

Inventory:

Hand Weapons
 a - a +0 mace (weapon)
Armour
 b - a +0 leather armour (worn)
 f - a +0 pair of boots (worn)
 k - a scarf of shadows (worn)
Wands
 o - a wand of paralysis (5)
Scrolls
 c - a scroll of blinking
 g - a scroll of fog {unknown}
 h - 2 scrolls of identify {unknown}
 i - a scroll of enchant weapon {unknown}
 j - a scroll of amnesia {unknown}
 m - a scroll of teleportation {unknown}
 n - a scroll of fear {unknown}
Potions
 e - 2 potions of curing {unknown}
 l - a potion of flight {unknown}


   Skills:
 - Level 2.1 Fighting
 + Level 5.0 Maces & Flails
 - Level 0.8 Throwing
 - Level 1.1 Armour
 - Level 1.5 Dodging
 - Level 2.0 Spellcasting
 - Level 2.6 Translocations


You had 8 spell levels left.
You didn't know any spells.
Your spell library contained the following spells:

 Spells                   Type           Power      Damage    Failure   Level
 Blink                    Tloc           16%        N/A       16%         2
 Gell's Gravitas          Tloc           8%         N/A       30%         3
 Lesser Beckoning         Tloc           8%         N/A       30%         3
 Teleport Other           Tloc           8%         N/A       30%         3
 Manifold Assault         Tloc           8%         N/A       96%         5


Dungeon Overview and Level Annotations

Branches:
Dungeon (5/15)
 Temple: D:4-7

Altars:
Gozag
Hepliaklqana
Nemelex Xobeh
Okawaru
Qazlal

Annotations:
D:3 1 runed translucent door, Redcow54321's ghost, amateur DESu


Innate Abilities, Weirdness & Mutations

You are immune to sickness and miasma.
Your stone body is resilient. (AC +4)
You are immune to poison.
You resist negative energy. (rN+)
You are resistant to electric shocks. (rElec)
You are resistant to unholy torment.
You are immune to petrification.


Message History

Aim: a phantom (moderately damaged, 43% to hit)
You throw a boomerang of dispersal.
The boomerang of dispersal barely misses the phantom.
The phantom hits you.
* * * LOW HITPOINT WARNING * * *
Throw: 3 boomerangs (disperse)
Press: ? - help, Q - select action, (/) - cycle Shift-Dir - straight line, f/p - phantom
Aim: a phantom (moderately damaged, 43% to hit)
You throw a boomerang of dispersal.
The boomerang of dispersal misses the phantom.
The phantom hits you but does no damage.
Throw: 2 boomerangs (disperse)
Press: ? - help, Q - select action, (/) - cycle Shift-Dir - straight line, f/p - phantom
Aim: a phantom (moderately damaged, 43% to hit)
You throw a boomerang of dispersal.
The boomerang of dispersal closely misses the phantom.
The phantom hits you but does no damage. x2
Throw: boomerang (disperse)
Press: ? - help, Q - select action, (/) - cycle Shift-Dir - straight line, f/p - phantom
Aim: a phantom (lightly damaged, 43% to hit)
You throw a boomerang of dispersal.
The boomerang of dispersal hits the phantom but does no damage.
The phantom is lightly damaged.
The phantom barely misses you.
Press: ? - help, v - describe, . - travel
Here: a phantom (lightly damaged)
The floor.
The phantom hits you.
* * * LOW HITPOINT WARNING * * *
The phantom blinks!
You blink.
You closely miss the phantom.
The phantom is lightly damaged.
The phantom hits you but does no damage.
You closely miss the phantom.
The phantom is lightly damaged.
The phantom hits you but does no damage.
You hit the phantom.
The phantom is lightly damaged.
The phantom hits you.
You die...

#### #.. #.#
#. #@# #..#W#
###..#.#
.....#.#
.......######
.##.........#
.......####.#
######§# #.#
#.# #.#


You could see a phantom.

Vanquished Creatures
  A hound (D:5)
  A hound skeleton (D:5)
  2 dart slugs (D:1)
  8 orcs (D:3)
  12 ball pythons
  4 endoplasms
  4 giant cockroaches
  5 goblins
  4 hobgoblins
  6 kobolds
  A quokka (D:1)
  3 bats
  5 frilled lizards
  6 rats
62 creatures vanquished.

Notes
Turn   | Place    | Note
-------+----------+-------------------------------------------
     0 | D:1      | ragingrage the Gargoyle Warper began the quest for the Orb.
     0 | D:1      | Reached XP level 1. HP: 12/12 MP: 3/3
    55 | D:1      | Reached XP level 2. HP: 9/17 MP: 5/5
   378 | D:1      | Reached skill level 3 in Maces & Flails
   484 | D:1      | Found a faded altar of an unknown god.
   789 | D:1      | Reached XP level 3. HP: 15/21 MP: 6/6
  1634 | D:2      | Found a sparkling altar of Nemelex Xobeh.
  1724 | D:2      | Reached skill level 4 in Maces & Flails
  2002 | D:3      | Reached XP level 4. HP: 14/26 MP: 7/7
  2301 | D:3      | Noticed Redcow54321's ghost (amateur DESu)
  2504 | D:3      | Found a runed translucent door.
  2720 | D:3      | Found an opulent altar of Gozag.
  3117 | D:3      | Found an iron altar of Okawaru.
  3308 | D:3      | Became a worshipper of Warmaster Okawaru
  3423 | D:3      | Found a hazy altar of Hepliaklqana.
  3455 | D:3      | Found a stormy altar of Qazlal.
  3624 | D:4      | Noticed a phantom
  3634 | D:5      | Entered Level 5 of the Dungeon
  3757 | D:5      | Reached skill level 5 in Maces & Flails
  3757 | D:5      | Reached XP level 5. HP: 30/30 MP: 8/8
  3812 | D:5      | HP: 1/30 [phantom (5)]
  3815 | D:5      | Slain by a phantom

Illustrated notes

Levels and vault maps discovered:
D:1:      lemuel_arrival_behind_the_door_large, layout_rooms,
          basic_ecumenical_altar, minmay_pentomino_q2
D:2:      layout_basic, basic_altar
D:3:      layout_loops_corners, mainiacjoe_overflow_surrounded_room,
          nicolae_gozag_cash_rules_everything_around_me,
          mainiacjoe_overflow_two_lobes, hellmonk_ghost_happy_afterlife
D:4:      layout_rooms, nicolae_ru_path_of_blood, gup_sewer_entry_bubbles,
          minmay_statues_item, st_stairs_5
D:5:      layout_basic, minmay_temple_entry_junction

Skill      XL: |  1  2  3  4 |
---------------+-------------+-----
Maces & Flails | 3 4 5 |  5.0
Fighting       | |  2.1
Throwing       | |  0.8
Armour         | |  1.1
Dodging        | |  1.5
Spellcasting   | |  2.0
Translocations | |  2.6

Action                   |  1- 3 |  4- 6 || total
-------------------------+-------+-------++-------
Melee: Mace              |   162 |    71 ||   233
Throw: Boomerang         |       |     5 ||     5
Armor: Leather armour    |    91 |    37 ||   128
Dodge: Dodged            |   107 |    36 ||   143

Table legend: (Time is in decaauts)
 A = Elapsed time spent in this place.
 B = Non-inter-level travel time spent in this place.
 C = Inter-level travel time spent in this place.
 D = Time resting spent in this place.
 E = Time spent auto-exploring this place.
 F = Levels seen in this place.
 G = Mean time per level.
                   A        B        C        D        E       F      G
               +--------+--------+--------+--------+--------+-----+--------+
         Total |   3866 |   3667 |    199 |    675 |   2420 |   5 |  773.2 |
       Dungeon |   3866 |   3667 |    199 |    675 |   2420 |   5 |  773.2 |
               +--------+--------+--------+--------+--------+-----+--------+

Top non-repeatable levels by time:
     D:3: 1626 daAuts
     D:1: 1313 daAuts
     D:2: 690 daAuts
     D:5: 164 daAuts
     D:4: 71 daAuts
